 Dungeon Sprint DCSS version 0.27.1-33-g824d729ab1 (webtiles) character file.

Game seed: 12609485885603340609

1969 Hipnos the Transmogrifier (level 9, -2/76 HPs)
             Began as a Merfolk Transmuter on Nov 27, 2021.
             Was a Follower of Sif Muna.
             Slain by a demonic crawler (7 damage)
             ... in the Dungeon (Sprint I: "Red Sonja").
             The game lasted 00:04:13 (1237 turns).

Hipnos the Transmogrifier (Merfolk Transmuter)      Turns: 1237, Time: 00:04:14

Health: -2/76      AC:  8    Str: 13    XL:     9   Next: 20%
Magic:  19/19      EV: 13    Int: 12    God:    Sif Muna [*.....]
Gold:   726        SH:  0    Dex: 15    Spells: 12/22 levels left

rFire    x . .     SeeInvis .     - Unarmed
rCold    + + +     Faith    .   (shield currently unavailable)
rNeg     . . .     Spirit   .   (armour currently unavailable)
rPois    +         Reflect  .   (helmet currently unavailable)
rElec    .         Harm     .   (cloak currently unavailable)
rCorr    .         Rampage  .   (gloves currently unavailable)
Will     .....     NoTele   +   (boots currently unavailable)
Stlth    +.........             (no amulet)
HPRegen  0.22/turn              (no ring)
MPRegen  0.16/turn              (no ring)

@: ice-form (expiring), hasted, very quick
A: freezing attack, boosted hp, large, (nimble swimmer 2), (mertail)
a: End Transformation, Renounce Religion, Channel Magic


You were in the Dungeon.
You worshipped Sif Muna.
Sif Muna was aware of your devotion.
You were a creature of crystalline ice.
You visited 1 branch You collected 726 gold pieces.

Inventory:

Armour
 a - a +0 robe (melded)
 h - a +2 pair of boots (melded)
Scrolls
 g - a scroll of blinking
 i - a scroll of vulnerability {unknown}
Potions
 b - a potion of curing
 e - 2 potions of magic


   Skills:
 + Level 3.2 Fighting
 + Level 7.5 Dodging
 + Level 13.0 Unarmed Combat
 + Level 7.2 Spellcasting
 * Level 13.8 Transmutations
 * Level 8.1 Ice Magic
 + Level 2.0 Poison Magic


You had 12 spell levels left.
You knew the following spells:

 Your Spells              Type           Power      Damage    Failure   Level
a - Beastly Appendage     Tmut           74%        N/A       1%          1
b - Spider Form           Tmut/Pois      11%        N/A       1%          3
c - Wereblood             Tmut           37%        N/A       1%          2
d - Ice Form              Ice/Tmut       30%        N/A       1%          4

Your spell library contained the following spells:

 Spells                   Type           Power      Damage    Failure   Level


Dungeon Overview and Level Annotations

Branches:
Dungeon (1/1)

Altars:
Cheibriados
Dithmenos
Elyvilon
Fedhas
Gozag
Hepliaklqana
Kikubaaqudgha
Makhleb
Nemelex Xobeh
Okawaru
Qazlal
Ru
Sif Muna
Trog
Uskayaw
Vehumet
Wu Jian
Xom
Yredelemnul
Zin
The Shining One
Jiyva
Lugonu

Shops:
D (?


Innate Abilities, Weirdness & Mutations

You are a creature of crystalline ice.
You have a powerful freezing melee attack.
Your maximum health is increased.
Your armour is entirely melded.
You are incapable of wielding weapons or throwing items.
((You are quick and stealthy near water. (Stealth+, EV+, Speed+++)))
((Your lower body shifts to a powerful aquatic tail in water.))


Message History

You hit the demonic crawler but do no damage.
The demonic crawler is lightly wounded.
The demonic crawler hits you but does no damage.
The demonic crawler barely misses you. x2
You barely miss the demonic crawler.
The demonic crawler is lightly wounded.
The demonic crawler hits you!
* * * LOW HITPOINT WARNING * * *
The demonic crawler hits you!
* * * LOW HITPOINT WARNING * * *
The demonic crawler hits you.
* * * LOW HITPOINT WARNING * * *
You feel much better. The demonic crawler hits you.
* * * LOW HITPOINT WARNING * * *
The demonic crawler hits you!
* * * LOW HITPOINT WARNING * * *
The demonic crawler hits you but does no damage.
You feel yourself speed up. The demonic crawler hits you!
* * * LOW HITPOINT WARNING * * *
The demonic crawler hits you but does no damage.
The demonic crawler misses you.
There is an ornate altar of the Wu Jian Council here.
Your transformation is almost over.
There is an open door here.
You feel better.
There is a sacrificial altar of Ru here.
There is a shadowy altar of Dithmenos here.
The demonic crawler hits you but does no damage.
The demonic crawler hits you.
* * * LOW HITPOINT WARNING * * *
The demonic crawler misses you.
There is a basalt altar of Yredelemnul here.
There is an ancient bone altar of Kikubaaqudgha here.
The demonic crawler hits you.
* * * LOW HITPOINT WARNING * * *
The demonic crawler completely misses you.
The demonic crawler barely misses you. The demonic crawler hits you.
* * * LOW HITPOINT WARNING * * *
The demonic crawler hits you!
You die...

######################
#<.#..)..#.)'..#__#†.'
#..'[.#..'..#..'..'..#
#..#####'#####'#__####
#..####..#...#.#### #
#..#__####..##.#
#..#_Y___##'#_.+
#⌠⌠#_ss...'..)_#
####s..__##_.#'#
#_____###'#.#
############.###
#∩........'...+
###++++####...#
###.### #.#'#.#


You could see 3 demonic crawlers.

Vanquished Creatures
  2 kobold demonologists (D)
  A demonic crawler (D)
  A slime creature (D)
  Sigmund (D)
  A yak (D)
  A floating eye (D)
  An ogre (D)
  A jelly (D)
  Ijyb (D)
  A ballistomycete spore (D)
11 creatures vanquished.

Vanquished Creatures (others)
  Sonja (D)
  A ballistomycete spore (D)
2 creatures vanquished.

Grand Total: 13 creatures vanquished

Notes
Turn   | Place    | Note
-------+----------+-------------------------------------------
     0 | D        | Hipnos the Merfolk Transmuter began the quest for the Orb.
     0 | D        | Reached XP level 1. HP: 15/15 MP: 3/3
     2 | D        | Noticed Ijyb
     9 | D        | Killed Ijyb
    10 | D        | Reached skill level 5 in Unarmed Combat
    10 | D        | Reached XP level 2. HP: 19/21 MP: 2/5
    10 | D        | Reached XP level 3. HP: 24/26 MP: 2/7
   127 | D        | Learned a level 3 spell: Spider Form
   130 | D        | Learned a level 2 spell: Wereblood
   131 | D        | Noticed an ogre
   139 | D        | Killed an ogre
   140 | D        | Reached XP level 4. HP: 32/32 MP: 5/9
   284 | D        | Learned a level 4 spell: Ice Form
   304 | D        | Noticed Sigmund
   308 | D        | Killed Sigmund
   309 | D        | Reached skill level 5 in Dodging
   309 | D        | Reached skill level 1 in Poison Magic
   309 | D        | Reached XP level 5. HP: 38/38 MP: 1/12
   309 | D        | Reached XP level 6. HP: 44/44 MP: 1/13
   396 | D        | Found an ornate altar of the Wu Jian Council.
   396 | D        | Found a shimmering blue altar of Sif Muna.
   398 | D        | Found a radiant altar of Vehumet.
   406 | D        | Found Rave Qiwn's Magic Scroll Emporium.
   406 | D        | Found an ancient bone altar of Kikubaaqudgha.
   406 | D        | Found a hazy altar of Hepliaklqana.
   406 | D        | Found a stormy altar of Qazlal.
   406 | D        | Found a hide-covered altar of Uskayaw.
   406 | D        | Found a blossoming altar of Fedhas.
   406 | D        | Found a bloodstained altar of Trog.
   406 | D        | Found an iron altar of Okawaru.
   406 | D        | Found a basalt altar of Yredelemnul.
   406 | D        | Found a glowing golden altar of the Shining One.
   406 | D        | Found a snail-covered altar of Cheibriados.
   406 | D        | Found a sacrificial altar of Ru.
   406 | D        | Found a glowing silver altar of Zin.
   406 | D        | Found a shadowy altar of Dithmenos.
   406 | D        | Found a white marble altar of Elyvilon.
   406 | D        | Noticed a yak
   407 | D        | Found an opulent altar of Gozag.
   410 | D        | Killed a yak
   411 | D        | Reached skill level 10 in Unarmed Combat
   411 | D        | Reached skill level 5 in Spellcasting
   411 | D        | Reached skill level 10 in Transmutations
   411 | D        | Reached XP level 7. HP: 33/50 MP: 11/15
   546 | D        | Became a worshipper of Sif Muna the Loreminder
   563 | D        | Found a burning altar of Makhleb.
   563 | D        | Found a viscous altar of Jiyva.
   563 | D        | Found a shimmering altar of Xom.
   563 | D        | Found a corrupted altar of Lugonu.
   563 | D        | Noticed a slime creature
   571 | D        | Killed a slime creature
   572 | D        | Reached skill level 5 in Ice Magic
   581 | D        | Found a sparkling altar of Nemelex Xobeh.
   795 | D        | Noticed a kobold demonologist
   795 | D        | Noticed a kobold demonologist
   800 | D        | Killed a kobold demonologist
   800 | D        | Reached * piety under Sif Muna
   801 | D        | Reached XP level 8. HP: 57/57 MP: 11/17
   802 | D        | Killed a kobold demonologist
   857 | D        | Noticed Sonja
   867 | D        | Killed Sonja
   868 | D        | Reached XP level 9. HP: 19/64 MP: 14/19
  1147 | D        | Found Aqosex's Weapon Boutique.
  1201 | D        | Noticed a demonic crawler
  1201 | D        | Noticed a demonic crawler
  1201 | D        | Noticed a demonic crawler
  1201 | D        | Noticed a demonic crawler
  1210 | D        | Killed a demonic crawler
  1237 | D        | Slain by a demonic crawler

Illustrated notes

Levels and vault maps discovered:
D:        dungeon_sprint_1 [red_sonja_temple_1, red_sonja_temple_small_1]

Skill      XL: |  1  2  3  4  5  6  7  8  9 |
---------------+----------------------------+-----
Dodging        | 3 4 5 6 7 |  7.5
Unarmed Combat | 5 7 9 10 11 12 13 | 13.0
Transmutations | 4 6 8 10 12 13 | 13.8
Spellcasting   | 3 4 5 6 7 |  7.2
Ice Magic      | 3 4 6 7 8 |  8.1
Poison Magic   | 1 2 |  2.0
Fighting       | 2 3 |  3.2

Action                   |  1- 3 |  4- 6 |  7- 9 || total
-------------------------+-------+-------+-------++-------
Melee: Unarmed           |     8 |     7 |    28 ||    43
 Cast: Beastly Appendage |     1 |       |       ||     1
       Spider Form       |     1 |       |       ||     1
       Ice Form          |       |     2 |     5 ||     7
       Wereblood         |       |     1 |       ||     1
  Use: Potion            |     1 |       |     4 ||     5
 Stab: Sleeping          |     1 |     1 |       ||     2
Armor: Skin              |       |       |    24 ||    24
Dodge: Dodged            |     5 |     2 |    31 ||    38
